 Dungeon Crawl Stone Soup version 0.31.0-32-g396128a36d (webtiles) character file.

Game seed: 1724667086572238443

1202 booth the Chopper (level 8, -15/62 HPs)
             Began as a Demonspawn Gladiator on Apr 19, 2024.
             Was an Initiate of Wu Jian.
             Killed from afar by Maggie (23 damage)
             ... with a bolt of fire
             ... on level 7 of the Dungeon.
             The game lasted 00:32:45 (5164 turns).

booth the Chopper (Demonspawn Gladiator)            Turns: 5164, Time: 00:32:45

Health: -15/62     AC: 12    Str: 21    XL:     8   Next: 21%
Magic:  8/8        EV: 12    Int: 13    God:    Wu Jian [......]
Gold:   361        SH:  5    Dex: 16    Spells: 7/7 levels left

rFire   . . .        a - +2 war axe (elec)
rCold   . . .        (no shield)
rNeg    . . .        l - +0 ring mail
rPois   .            g - +2 hat
rElec   .            E - +0 cloak
rCorr   .            (no gloves)
SInv    .            n - +0 pair of boots
Will    .....        q - amulet of reflection
Stlth   ++           h - +6 ring of strength
HPRegen 0.30/turn    (no ring)
MPRegen 0.11/turn

%: reflection
@: no status effects
A: molten scales 2, ignite blood 1, powered by pain 1, weakness stinger 1, thin
skeletal structure 1, clever 1, sense surroundings 1
a: Renounce Religion


You were on level 7 of the Dungeon.
You worshipped Wu Jian.
Wu Jian was noncommittal.
You visited 2 branches of the dungeon, and saw 8 of its levels.
You also visited: Sewer.

You collected 361 gold pieces.

Inventory:

Hand Weapons
 a - a +2 war axe of electrocution (weapon)
 D - a +3 hammer of protection
Missiles
 d - 2 throwing nets
 y - a curare-tipped dart
Armour
 g - a +2 hat (worn)
 l - a +0 ring mail (worn)
 n - a +0 pair of boots (worn)
 E - a +0 cloak (worn)
Jewellery
 b - a ring of resist corrosion
 c - an amulet of the acrobat
 h - a +6 ring of strength (left hand)
 i - a ring of wizardry
 q - an amulet of reflection (around neck)
 B - a ring of flight
Wands
 o - a wand of paralysis (11)
Scrolls
 k - a scroll of fear
 m - a scroll of amnesia {unknown}
 p - a scroll of enchant armour {unknown}
 r - a scroll of brand weapon
 s - 4 scrolls of teleportation
 u - a scroll of vulnerability {unknown}
Potions
 f - 2 potions of lignification
 j - a potion of curing
 t - a potion of enlightenment {unknown}
 v - 3 potions of invisibility
 w - a potion of cancellation {unknown}
 x - a potion of mutation
 z - a potion of haste {unknown}
 A - a potion of magic {unknown}
 C - a potion of might {unknown}
 F - 2 potions of heal wounds


   Skills:
 + Level 5.1 Fighting
 * Level 6.9 Axes
 + Level 4.7 Throwing
 + Level 0.6 Armour
 - Level 2.6 Dodging


You had 7 spell levels left.
You didn't know any spells.
Your spell library contained the following spells:

 Spells                   Type           Power      Damage    Failure   Level
 Magic Dart               Conj           0%         1d3       45%         1
 Slow                     Hex            0%         N/A       45%         1
 Blink                    Tloc           0%         N/A       61%         2
 Lesser Beckoning         Tloc           0%         N/A       61%         2
 Momentum Strike          Conj/Tloc      0%         3d8       61%         2
 Searing Ray              Conj           0%         2d4       61%         2
 Confusing Touch          Hex            0%         N/A       83%         3
 Gell's Gravitas          Tloc           0%         N/A       83%         3
 Ozocubu's Armour         Ice            0%         N/A       83%         3
 Sigil of Binding         Hex            0%         N/A       83%         3
 Teleport Other           Tloc           0%         N/A       83%         3
 Vampiric Draining        Necr           0%         2d6       83%         3
 Fulminant Prism          Conj/Alch      0%         3d5       99%         4
 Metabolic Englaciation   Hex/Ice        0%         N/A       100%        5
 Sculpt Simulacrum        Ice/Alch       0%         N/A       100%        6


Dungeon Overview and Level Annotations

Branches:
Dungeon (7/15)             Temple (1/1) D:6           Sewer (visited)

Altars:
Ashenzari
Cheibriados
Dithmenos
Fedhas
Gozag
Hepliaklqana
Kikubaaqudgha
Makhleb
Nemelex Xobeh
Okawaru
Qazlal
Ru
Sif Muna
Trog
Uskayaw
Vehumet
Wu Jian
Xom
Yredelemnul

Annotations:
D:7 Maggie


Innate Abilities, Weirdness & Mutations

You are mostly covered in molten scales. (AC +3)
Your demonic aura sometimes causes spilled blood to erupt in flames.
You sometimes gain a little power by taking damage.
You have a small tail.
You have a somewhat thin skeletal structure. (Dex +2, Stealth+)
Your mind is acute. (Int +4, Str/Dex -1)
You passively map a small area around you.


Message History

You slash the ogre!
The ogre is moderately wounded.
The ogre hits you but does no damage.
You hit the ogre but do no damage.
The ogre is moderately wounded.
The ogre barely misses you.
You slash the ogre! You tail-slap the ogre.
You kill the ogre!
The Council accepts your kill.
You see here a +0 giant club.
Found a fizzy orange potion.
You now have 343 gold pieces (gained 12).
You now have 361 gold pieces (gained 18).
t - a fizzy orange potion
Found a stone staircase leading down.
Unknown command.
Maggie shouts!
Maggie casts a spell.
Maggie attempts to bespell you! You resist with almost no effort.
Throw: javelin
Press: ? - help, Q - select action, (/) - cycle Shift-Dir - straight line, f - Maggie
Aim: Maggie, wielding a +1 heavy war axe and wearing +0 acid dragon scales (62% to hit)
You throw a javelin.
The javelin pierces through Maggie but does no damage.
You lunge at Maggie.
You barely miss Maggie. Maggie casts a spell at you.
The bolt of fire hits you!!
You hit Maggie but do no damage.
Maggie hits you with a +1 heavy war axe!!
You hit Maggie. You tail-slap Maggie, but do no damage.
Maggie is lightly wounded.
Maggie is engulfed in blazing flames.
Maggie hits you with a +1 heavy war axe!
* * * LOW HITPOINT WARNING * * *
You slash Maggie! Lightning courses through Maggie!
Maggie is severely wounded.
Maggie is engulfed in blazing flames.
Maggie casts a spell at you. The bolt of fire hits you!!
You die...

...##....## ...###..##
.....#..## .........#
### .....#...## ##.###
.....#....# #....##
..........###.....#
..............##..#
..........#..###@##
.............# #@.#***
.................○.. *
........###..#........*
.......# ##...........#
....... ............#
....... , ...>..##$##..
.* , ........,.. .( #


You could see Maggie.

Vanquished Creatures
  4 ogres
  A kobold brigand (Sewer)
  A scorpion (D:5)
  2 bombardier beetles (D:4)
  6 hounds
  2 gnoll boudas
  Crazy Yiuf (D:4)
  An iguana (D:5)
  15 gnolls
  8 adders
  5 river rats (Sewer)
  2 ufetubi (D:6)
  A ribbon worm (D:2)
  2 orcs
  5 endoplasms
  6 giant cockroaches
  4 goblins
  8 hobgoblins
  3 jackals (D:1)
  17 kobolds
  4 quokkas
  16 ball pythons
  6 bats
  3 frilled lizards
  28 rats
151 creatures vanquished.

Notes
Turn   | Place    | Note
-------+----------+-------------------------------------------
     0 | D:1      | booth the Demonspawn Gladiator began the quest for the Orb.
     0 | D:1      | Reached XP level 1. HP: 16/16 MP: 1/1
   273 | D:1      | Reached skill level 3 in Axes
   273 | D:1      | Gained mutation: Your demonic aura sometimes causes spilled
                  | blood to erupt in flames. [demonic ancestry]
   273 | D:1      | Reached XP level 2. HP: 22/22 MP: 2/2
   893 | D:2      | Gained mutation: You are partially covered in molten
                  | scales. (AC +2) [demonic ancestry]
   893 | D:2      | Reached XP level 3. HP: 26/28 MP: 3/3
   905 | D:2      | Found a faded altar of an unknown god.
  1223 | D:2      | Noticed an ogre
  1229 | D:2      | Killed an ogre
  1230 | D:2      | Reached skill level 4 in Axes
  1230 | D:2      | Gained mutation: You are mostly covered in molten scales.
                  | (AC +3) [demonic ancestry]
  1230 | D:2      | Reached XP level 4. HP: 35/35 MP: 4/4
  1640 | D:3      | Reached XP level 5. HP: 36/41 MP: 5/5
  2091 | D:3      | Found a glowing drain.
  2112 | Sewer    | Entered a sewer
  2582 | Sewer    | Gained mutation: You sometimes gain a little power by
                  | taking damage. [demonic ancestry]
  2582 | Sewer    | Reached XP level 6. HP: 45/47 MP: 6/6
  2587 | Sewer    | Reached skill level 5 in Axes
  2976 | D:3      | Gained mutation: You have a somewhat thin skeletal
                  | structure. (Dex +2, Stealth+) [potion of mutation]
  2976 | D:3      | Gained mutation: Your mind is acute. (Int +4, Str/Dex -1)
                  | [potion of mutation]
  2976 | D:3      | Gained mutation: You passively map a small area around you.
                  | [potion of mutation]
  3284 | D:4      | Reached XP level 7. HP: 54/54 MP: 7/7
  3534 | D:4      | Found a runed translucent door.
  3535 | D:4      | Noticed Crazy Yiuf
  3586 | D:4      | Killed Crazy Yiuf
  3633 | D:5      | Entered Level 5 of the Dungeon
  3768 | D:5      | Reached skill level 6 in Axes
  4517 | D:6      | Reached skill level 5 in Fighting
  4517 | D:6      | Gained mutation: You have a small tail. [demonic ancestry]
  4517 | D:6      | Reached XP level 8. HP: 61/62 MP: 8/8
  4666 | D:6      | Found a staircase to the Ecumenical Temple.
  4675 | Temple   | Entered the Ecumenical Temple
  4685 | Temple   | Became a worshipper of the Wu Jian Council
  5045 | D:7      | Noticed Maggie
  5164 | D:7      | Killed from afar by Maggie

Illustrated notes

Levels and vault maps discovered:
D:1:      heliophobic_arrival_dark_side_of_the_moon, layout_basic,
          serial_rivers, chequers_serial_rivers_room_a,
          chequers_serial_rivers_small_a, chequers_serial_rivers_micro_d,
          chequers_serial_rivers_large_b, chequers_serial_rivers_micro_e,
          chequers_serial_rivers_small_b, minivault_19, kennysheep_nondescript
D:2:      layout_loops_ring, ebering_ecumenical_altar_hall
D:3:      layout_loops_ring, portal_sewer_entry_f
D:4:      layout_rooms, skrybe_limestone_x, minmay_box_of_dots,
          uniq_crazy_yiuf_cottage
D:5:      layout_gridville
D:6:      layout_gridville, minmay_temple_entry_drinking_statues
D:7:      layout_cave_pools, nicolae_shop_dragon_depot,
          corexii_item_surrounded_by_moat, uniq_maggie
Temple:   regret_index_temple_sigil_plot

Skill      XL: |  1  2  3  4  5  6  7 |
---------------+----------------------+-----
Axes           | 3 4 5 6 |  6.9
Throwing       | 2 3 4 |  4.7
Fighting       | 3 4 5 |  5.1
Armour         | |  0.6
Dodging        | |  2.6

Action                     |  1- 3 |  4- 6 |  7- 9 || total
---------------------------+-------+-------+-------++-------
  Melee: War axe           |    94 |   163 |    87 ||   344
         Punch             |     2 |     4 |       ||     6
         Tailslap          |       |       |     4 ||     4
  Throw: Throwing net      |     1 |     3 |       ||     4
         Javelin           |     1 |       |     2 ||     3
Ability: Lunge             |       |       |     1 ||     1
    Use: Scroll            |     1 |     7 |     4 ||    12
         Potion            |       |     1 |     1 ||     2
   Stab: Sleeping          |       |     1 |       ||     1
 Armour: Leather armour    |    54 |       |       ||    54
         Ring mail         |     1 |   103 |    72 ||   176
  Dodge: Dodged            |    76 |    83 |    73 ||   232
  Block: Other             |       |    19 |    27 ||    46
